 Dungeon Crawl Stone Soup version 0.31-a0-142-g31f6795574 (webtiles) character file.

Game seed: 3152446483477661328

107 abztr the Sneak (level 5, -4/39 HPs)
             Began as a Human Brigand on June 2, 2023.
             Was a Follower of Okawaru.
             Slain by a gnoll
             ... wielding a +0 halberd
              (6 damage)
             ... on level 3 of the Dungeon on June 3, 2023.
             The game lasted 00:16:12 (1856 turns).

abztr the Sneak (Human Brigand)                     Turns: 1856, Time: 00:16:13

Health: -4/39      AC: 10    Str: 12    XL:     5   Next: 11%
Magic:  5/5        EV:  6    Int: 11    God:    Okawaru [*.....]
Gold:   122        SH:  0    Dex: 16    Spells: 4/4 levels left

rFire   . . .        r - +1 dagger (vamp)
rCold   . . .        (no shield)
rNeg    . . .        t - +0 chain mail
rPois   .            (no helmet)
rElec   .            c - +0 cloak
rCorr   .            (no gloves)
SInv    .            m - +0 pair of boots
Will    .....        o - amulet of magic regeneration Stlth
                     (no ring)
HPRegen 0.26/turn    (no ring)
MPRegen 0.49/turn

%: no passive effects
@: no status effects
A: no striking features
a: Renounce Religion, Heroism


You were on level 3 of the Dungeon.
You worshipped Okawaru.
Okawaru was aware of your devotion.
You visited 1 branch of the dungeon, and saw 3 of its levels.

You collected 122 gold pieces.

Inventory:

Hand Weapons
 a - a +2 dagger
 r - a +1 vampiric dagger (weapon)
 w - a -1 spear
Missiles
 d - 4 poisoned darts (quivered)
 e - 2 curare-tipped darts
 p - 4 large rocks
 x - 5 javelins
Armour
 b - a +0 robe
 c - a +0 cloak (worn)
 m - a +0 pair of boots (worn)
 q - a +0 ring mail
 t - a +0 chain mail (worn)
 A - a +0 leather armour
Jewellery
 o - an amulet of magic regeneration (around neck)
Wands
 B - a wand of roots (8)
Scrolls
 h - a scroll of identify {unknown}
 s - a scroll of amnesia {unknown}
 u - 3 scrolls of immolation {unknown}
 y - a scroll of teleportation {unknown}
Potions
 f - a potion of heal wounds {unknown}
 g - 2 potions of might {unknown}
 i - a potion of degeneration {unknown}
 j - a potion of haste {unknown}
 k - 2 potions of mutation {unknown}
 l - a potion of invisibility {unknown}
 n - 4 potions of brilliance {unknown}
 v - a potion of attraction {unknown}
 z - a potion of resistance {unknown}


   Skills:
 + Level 2.3 Fighting
 + Level 2.8 Short Blades
 + Level 2.8 Throwing
 + Level 0.2 Armour
 + Level 1.2 Dodging
 + Level 5.1 Stealth


You had 4 spell levels left.
You didn't know any spells.
Your spell library contained the following spells:

 Spells                   Type           Power      Damage    Failure   Level
 Cigotuvi's Dreadful Rot  Necr/Pois/Air  0%         N/A       100%        2
 Ignite Poison            Fire/Tmut/Pois 0%         N/A       100%        3
 Vhi's Electric Charge    Tloc/Air       0%         N/A       100%        3
 Arcjolt                  Conj/Air       0%         1d10      100%        5
 Freezing Cloud           Conj/Ice/Air   0%         6-21      100%        5
 Plasma Beam              Fire/Air       0%         2x1d10    100%        6


Dungeon Overview and Level Annotations

Branches:
Dungeon (3/15)

Altars:
Okawaru


Message History

The gnoll hits you with a +0 halberd. The gnoll hits you but does no damage.
You closely miss the gnoll.
The gnoll is moderately wounded.
The gnoll hits you with a +0 halberd. The gnoll hits you but does no damage.
You barely miss the gnoll.
The gnoll is moderately wounded.
The gnoll hits you with a +0 halberd.
The gnoll hits you from afar with a +0 halberd.
You hit the gnoll.
You feel better.
The gnoll is severely wounded.
The gnoll hits you but does no damage. x2
You barely miss the gnoll.
The gnoll is severely wounded.
The gnoll hits you with a +0 halberd.
The gnoll hits you from afar with a +0 halberd!
You hit the gnoll.
The gnoll is severely wounded.
You hit the gnoll but do no damage.
The gnoll is severely wounded.
The gnoll completely misses you. The gnoll hits you with a +0 halberd.
* * * LOW HITPOINT WARNING * * *
You hit the gnoll.
You feel better.
The gnoll is severely wounded.
The gnoll hits you but does no damage. x2
You barely miss the gnoll.
The gnoll is severely wounded.
The gnoll hits you with a +0 halberd.
* * * LOW HITPOINT WARNING * * *
The gnoll hits you from afar with a +0 halberd.
* * * LOW HITPOINT WARNING * * *
You closely miss the gnoll.
The gnoll is severely wounded.
The gnoll barely misses you.
The gnoll hits you from afar with a +0 halberd!
* * * LOW HITPOINT WARNING * * *
You hit the gnoll.
You kill the gnoll!
Okawaru accepts your kill.
The gnoll hits you from afar with a +0 halberd.
You die...

#########)#........#
#.........#........#
#.........#.......##
#.........#.......#
#.........#.......#
#.........#########
####..............#
#..........###.#
#........†g)@..# .
#..........#######....
#......###..g)g.......
#......# #............
#......# #............
#.................####
#......###........#
#......# #........#
#......# #........#


You could see a gnoll.

Vanquished Creatures
  Jessica (D:2)
  A gnoll (D:3)
  2 adders (D:2)
  3 worms (D:2)
  A dart slug (D:1)
  4 orcs (D:3)
  5 endoplasms
  3 giant cockroaches
  2 goblins
  4 hobgoblins
  2 quokkas
  4 ball pythons
  4 bats
  5 kobolds
  13 rats
54 creatures vanquished.

Notes
Turn   | Place    | Note
-------+----------+-------------------------------------------
     0 | D:1      | abztr the Human Brigand began the quest for the Orb.
     0 | D:1      | Reached XP level 1. HP: 16/16 MP: 1/1
   370 | D:1      | Reached XP level 2. HP: 22/22 MP: 2/2
   370 | D:1      | Upgraded the game from 0.31-a0-133-gaae73658be to
                  | 0.31-a0-142-g31f6795574
   845 | D:2      | Noticed Jessica
   854 | D:2      | Killed Jessica
   855 | D:2      | Reached XP level 3. HP: 23/27 MP: 3/3
  1008 | D:2      | Reached XP level 4. HP: 33/33 MP: 4/4
  1037 | D:2      | Reached skill level 5 in Stealth
  1443 | D:2      | Found a faded altar of an unknown god.
  1453 | D:2      | Prayed at the altar of an unknown god.
  1453 | D:2      | Became a worshipper of Warmaster Okawaru
  1453 | D:2      | Reached * piety under Okawaru
  1656 | D:3      | Reached XP level 5. HP: 38/38 MP: 5/5
  1856 | D:3      | Slain by a gnoll

Illustrated notes

Levels and vault maps discovered:
D:1:      minmay_arrival_open_corners, layout_basic, minmay_quantized
D:2:      minmay_diamond_boxcup, layout_basic, ebering_ecumenical_altar_rust,
          minmay_misc_feat_plants, minmay_tetromino_l2, uniq_jessica
D:3:      layout_basic, serial_park_tiny_2, dk_vineyard_2, st_stairs_2

Skill      XL: |  1  2  3  4 |
---------------+-------------+-----
Stealth        | 5 |  5.1
Fighting       | |  2.3
Short Blades   | |  2.8
Throwing       | |  2.8
Armour         | |  0.2
Dodging        | |  1.2

Action                     |  1- 3 |  4- 6 || total
---------------------------+-------+-------++-------
  Melee: Dagger            |    39 |   166 ||   205
         Punch             |     1 |     2 ||     3
  Throw: Dart              |    32 |    15 ||    47
 Armour: Robe              |     1 |       ||     1
         Chain mail        |       |    73 ||    73
         Ring mail         |       |     6 ||     6
  Dodge: Dodged            |    16 |    50 ||    66

Table legend: (Time is in decaauts)
 A = Elapsed time spent in this place.
 B = Non-inter-level travel time spent in this place.
 C = Inter-level travel time spent in this place.
 D = Time resting spent in this place.
 E = Time spent auto-exploring this place.
 F = Levels seen in this place.
 G = Mean time per level.
                   A        B        C        D        E       F      G
               +--------+--------+--------+--------+--------+-----+--------+
         Total |   1819 |    523 |   1296 |      0 |      0 |   3 |  606.3 |
       Dungeon |   1819 |    523 |   1296 |      0 |      0 |   3 |  606.3 |
               +--------+--------+--------+--------+--------+-----+--------+

Top non-repeatable levels by time:
     D:2: 925 daAuts
     D:1: 660 daAuts
     D:3: 234 daAuts
